 Dungeon Crawl Stone Soup version 0.31-a0-344-gd109795599 (webtiles) character file.

Game seed: 4743670710430255186

3053 AdnanSaban the Basher (level 9, -7/56 HPs)
             Began as a Gargoyle Fighter on July 22, 2023.
             Was a Believer of Okawaru.
             Mangled by an ogre
             ... wielding a +0 halberd
              (14 damage)
             ... in a bailey.
             The game lasted 00:09:36 (5459 turns).

AdnanSaban the Basher (Gargoyle Fighter)            Turns: 5459, Time: 00:09:37

Health: -7/56      AC: 22    Str: 25    XL:     9   Next: 87%
Magic:  9/9        EV: 14    Int:  8    God:    Okawaru [**....]
Gold:   395        SH:  5    Dex:  9    Spells: 8/8 levels left

rFire   . . .        G - +2 whip (flame)
rCold   . . .        c - +0 buckler
rNeg    + . .        C - +0 chain mail
rPois   ∞            (no helmet)
rElec   +            (no cloak)
rCorr   .            (no gloves)
SInv    .            B - +0 pair of boots
Will    .....        (no amulet)
Stlth   x              - +4 ring of protection
HPRegen 0.29/turn    g - +5 ring of evasion
MPRegen 0.11/turn

%: no passive effects
@: no status effects
A: sickness immunity, AC +6, negative energy resistance 1, electricity
resistance, torment resistance 1, petrification resistance
a: Renounce Religion, Heroism


You were in a bailey.
You worshipped Okawaru.
Okawaru was pleased with you.
You visited 2 branches of the dungeon, and saw 8 of its levels.
You also visited: Sewer and Bailey.

You collected 395 gold pieces.

Inventory:

Hand Weapons
 E - a +1 whip of freezing
 G - a +2 whip of flaming (weapon)
Missiles
 p - 25 poisoned darts (quivered)
 u - a curare-tipped dart
 v - 2 throwing nets
Armour
 c - a +0 buckler (worn)
 B - a +0 pair of boots (worn)
 C - a +0 chain mail (worn)
Jewellery
 f - a +6 ring of dexterity
 g - a +5 ring of evasion (right hand)
 x - a +4 ring of protection (left hand)
Wands
 A - a wand of polymorph (14)
Scrolls
 a - a scroll of revelation {unknown}
 b - a scroll of immolation {unknown}
 e - 10 scrolls of identify {unknown}
 h - 3 scrolls of fear {unknown}
 i - 5 scrolls of teleportation {unknown}
 j - 2 scrolls of silence {unknown}
 k - a scroll of enchant armour {unknown}
 l - 5 scrolls of amnesia {unknown}
 m - a scroll of blinking {unknown}
 o - 2 scrolls of enchant weapon {unknown}
 r - 2 scrolls of fog {unknown}
 y - 2 scrolls of summoning {unknown}
 D - a scroll of brand weapon {unknown}
Potions
 d - 4 potions of might
 n - 4 potions of heal wounds {unknown}
 q - 3 potions of mutation {unknown}
 s - 2 potions of resistance {unknown}
 t - 2 potions of magic {unknown}
 w - 2 potions of lignification {unknown}
 z - a potion of cancellation {unknown}
 F - a potion of curing {unknown}


   Skills:
 + Level 6.6 Fighting
 + Level 8.8 Maces & Flails
 + Level 1.4 Throwing
 + Level 6.4 Armour
 + Level 3.5 Dodging
 + Level 6.8 Shields


You had 8 spell levels left.
You didn't know any spells.
Your spell library contained the following spells:

 Spells                   Type           Power      Damage    Failure   Level
 Apportation              Tloc           0%         N/A       94%         1
 Necrotise                Necr           0%         1d4       94%         1
 Blink                    Tloc           0%         N/A       98%         2
 Lesser Beckoning         Tloc           0%         N/A       98%         2
 Gell's Gravitas          Tloc           0%         N/A       100%        3
 Teleport Other           Tloc           0%         N/A       100%        3
 Manifold Assault         Tloc           0%         N/A       100%        4
 Summon Small Mammal      Summ           Unusable   N/A       N/A         1

Dungeon Overview and Level Annotations

Branches:
Dungeon (7/15)             Temple (1/1) D:4           Sewer (visited)
 Bailey (1/1)

Altars:
Ashenzari
Cheibriados
Dithmenos
Elyvilon
Fedhas
Hepliaklqana
Kikubaaqudgha
Makhleb
Nemelex Xobeh
Okawaru
Qazlal
Ru
Sif Muna
Trog
Uskayaw
Vehumet
Wu Jian
Xom
Yredelemnul
Zin
The Shining One

Shops:
D:5 [   D:6 :


Innate Abilities, Weirdness & Mutations

You are immune to sickness and miasma.
Your stone body is resilient. (AC +6)
You are immune to poison.
You resist negative energy. (rN+)
You are resistant to electric shocks. (rElec)
You are resistant to unholy torment.
You are immune to petrification.


Message History

An ogre comes into view. It is wielding a +0 halberd.
The ogre shouts!
You whack the ogre! You burn the ogre.
You kill the ogre!
Okawaru accepts your kill. The ogre barely misses you.
The ogre hits you from afar with a +0 halberd.
The ogre closely misses you. You block the ogre's attack. The ogre misses you.
The ogre closely misses you.
You whack the ogre! You burn the ogre.
The ogre is heavily wounded.
You hit the ogre. You burn the ogre.
The ogre is almost dead.
The ogre barely misses you.
You hit the ogre. You burn the ogre.
You kill the ogre!
Okawaru accepts your kill.
You hear a splash.
The ogre barely misses you. The ogre hits you but does no damage.
You block the ogre's attack.
You hit the ogre. You burn the ogre.
The ogre is lightly wounded.
You hit the ogre. You burn the ogre.
The ogre is moderately wounded.
The ogre hits you but does no damage. The ogre misses you.
You whack the ogre! You burn the ogre.
The ogre is severely wounded.
The ogre closely misses you. The ogre misses you.
You completely miss the ogre.
The ogre is severely wounded.
The ogre hits you from afar with a +0 halberd.
The ogre hits you but does no damage.
You hit the ogre. You burn the ogre.
The ogre is almost dead.
The ogre hits you from afar with a +0 halberd!
* * * LOW HITPOINT WARNING * * *
The ogre hits you with a +0 halberd.
* * * LOW HITPOINT WARNING * * *
The ogre hits you from afar with a +0 halberd!
You die...

.# ##.## ..#
##...## #..#
#.....#
#..###.....##
#..~~~..∩...#
#..~~O......#
#..~O~O.....#
♣..~~)O.....#
#..~~~..@...#
#..###.....##
#.. #.....# .
##...## ##.##
###


You could see 4 ogres.

Vanquished Creatures
  Pikel (D:6)
  Maggie (D:6)
  Grinder (D:6)
  Sigmund (D:6)
  Eustachio (D:4)
  Menkaure (D:6)
  An orc warrior (D:3)
  5 ogres
  A phantom (D:7)
  5 kobold brigands (Sewer)
  A scorpion (D:6)
  3 howler monkeys
  A hound (D:5)
  2 orc priests (D:5)
  4 jellies
  2 sleepcaps
  Terence (D:2)
  An orc wizard (D:7)
  6 gnolls
  10 adders
  2 ufetubi
  A worm (D:3)
  6 dart slugs
  29 orcs
  7 endoplasms
  4 giant cockroaches
  16 hobgoblins
  7 jackals
  7 quokkas
  13 ball pythons
  15 bats
  9 frilled lizards
  8 goblins
  7 kobolds
  6 rats
186 creatures vanquished.

Notes
Turn   | Place    | Note
-------+----------+-------------------------------------------
     0 | D:1      | AdnanSaban the Gargoyle Fighter began the quest for the
                  | Orb.
     0 | D:1      | Reached XP level 1. HP: 14/14 MP: 1/1
   233 | D:1      | Reached XP level 2. HP: 19/19 MP: 2/2
   571 | D:1      | Reached XP level 3. HP: 20/23 MP: 3/3
   815 | D:2      | Reached skill level 3 in Maces & Flails
   989 | D:2      | Reached XP level 4. HP: 25/28 MP: 4/4
  1416 | D:2      | Noticed Terence
  1432 | D:2      | Killed Terence
  1433 | D:2      | Reached XP level 5. HP: 33/33 MP: 5/5
  1665 | D:3      | Found a glowing drain.
  1705 | Sewer    | Entered a sewer
  1758 | Sewer    | Reached skill level 4 in Maces & Flails
  1835 | Sewer    | Reached skill level 1 in Dodging
  1848 | Sewer    | Noticed a kobold brigand
  1848 | Sewer    | Noticed a kobold brigand
  1848 | Sewer    | Noticed a kobold brigand
  1894 | Sewer    | Killed a kobold brigand
  1903 | Sewer    | Killed a kobold brigand
  1904 | Sewer    | Reached XP level 6. HP: 13/38 MP: 6/6
  2091 | Sewer    | Reached skill level 5 in Maces & Flails
  2091 | Sewer    | Reached XP level 7. HP: 36/44 MP: 7/7
  2276 | D:3      | Reached skill level 5 in Shields
  3165 | D:4      | Found a radiant altar of Vehumet.
  3182 | D:4      | Reached skill level 6 in Maces & Flails
  3235 | D:4      | Found a shimmering altar of Xom.
  3247 | D:4      | Noticed Eustachio
  3258 | D:5      | Entered Level 5 of the Dungeon
  3288 | D:5      | Reached XP level 8. HP: 48/48 MP: 8/8
  3322 | D:5      | Found a burning altar of Makhleb.
  3343 | D:5      | Reached skill level 5 in Fighting
  3617 | D:5      | Found Tokoyo's Dragon-Slaying Spoils.
  4069 | D:4      | Killed Eustachio
  4070 | D:4      | Reached skill level 7 in Maces & Flails
  4070 | D:4      | Reached skill level 5 in Armour
  4249 | D:4      | Found a staircase to the Ecumenical Temple.
  4293 | Temple   | Entered the Ecumenical Temple
  4302 | Temple   | Became a worshipper of Warmaster Okawaru
  4481 | D:6      | Found Nytue's Book Shoppe.
  4748 | D:6      | Noticed Grinder
  4760 | D:6      | Killed Grinder
  4761 | D:6      | Reached XP level 9. HP: 53/55 MP: 9/9
  4806 | D:6      | Reached * piety under Okawaru
  4878 | D:6      | Noticed Maggie
  4878 | D:6      | Noticed Sigmund
  4890 | D:6      | Killed Maggie
  4912 | D:6      | Killed Sigmund
  4913 | D:6      | Reached skill level 8 in Maces & Flails
  4974 | D:6      | Noticed Pikel
  4992 | D:6      | Killed Pikel
  4992 | D:6      | Reached ** piety under Okawaru
  4993 | D:6      | Reached skill level 1 in Throwing
  5057 | D:6      | Noticed Menkaure
  5070 | D:6      | Killed Menkaure
  5411 | D:7      | Found a flagged portal.
  5433 | Bailey   | Entered a bailey
  5459 | Bailey   | Mangled by an ogre

Illustrated notes

Levels and vault maps discovered:
D:1:      nzn_arrival_crosshair, layout_loops_cross
D:2:      layout_basic, minmay_tiny_reverse_x, uniq_terence
D:3:      layout_loops_cross, cheibrodos_sewer_entry_sluice,
          hangedman_feature_mirror
D:4:      layout_layer_cave, nicolae_overflow_crystal_walls,
          nicolae_vehumet_radiance, minmay_temple_entry_drinking_statues,
          uniq_eustachio
D:5:      layout_cave_pools, mainiacjoe_overflow_cross_hatched,
          nicolae_shop_dragon_depot
D:6:      layout_loops_ring, serial_shops, shop, uniq_menkaure, uniq_sigmund,
          uniq_maggie, uniq_grinder, uniq_pikel
D:7:      layout_loops_ring, lightli_ossuary_entry_decrepit_ruins,
          enter_bailey_4
Temple:   hc_temple_tempest_star
Bailey:   bailey_polearm_enchanted_keep_hellmonk, bailey

Skill      XL: |  1  2  3  4  5  6  7  8  9 |
---------------+----------------------------+-----
Maces & Flails | 3 4 5 6 7 8 |  8.8
Shields        | 4 5 6 |  6.8
Dodging        | 1 2 3 |  3.5
Fighting       | 4 5 6 |  6.6
Armour         | 4 5 6 |  6.4
Throwing       | 1 |  1.4

Action                     |  1- 3 |  4- 6 |  7- 9 || total
---------------------------+-------+-------+-------++-------
  Melee: Flail             |   129 |   203 |   367 ||   699
         Whip              |       |       |    92 ||    92
  Throw: Dart              |       |     1 |    12 ||    13
 Armour: Scale mail        |    64 |    80 |    90 ||   234
         Chain mail        |       |       |   149 ||   149
  Dodge: Dodged            |    88 |   213 |   393 ||   694
  Block: Buckler           |    34 |    61 |   125 ||   220

Table legend: (Time is in decaauts)
 A = Elapsed time spent in this place.
 B = Non-inter-level travel time spent in this place.
 C = Inter-level travel time spent in this place.
 D = Time resting spent in this place.
 E = Time spent auto-exploring this place.
 F = Levels seen in this place.
 G = Mean time per level.
                   A        B        C        D        E       F      G
               +--------+--------+--------+--------+--------+-----+--------+
         Total |   5590 |   5384 |    206 |     55 |   3794 |  10 |  559.0 |
       Dungeon |   4938 |   4748 |    190 |     55 |   3463 |   7 |  705.4 |
        Temple |     18 |      2 |     16 |      0 |      0 |   1 |   18.0 |
         Sewer |    611 |    611 |      0 |      0 |    328 |   1 |  611.0 |
        Bailey |     21 |     21 |      0 |      0 |      2 |   1 |   21.0 |
               +--------+--------+--------+--------+--------+-----+--------+

Top non-repeatable levels by time:
     D:6: 880 daAuts
     D:1: 829 daAuts
     D:2: 821 daAuts
     D:3: 815 daAuts
     D:5: 794 daAuts
     D:4: 619 daAuts
   Sewer: 611 daAuts
     D:7: 177 daAuts
  Bailey: 21 daAuts
  Temple: 18 daAuts
